 Dungeon Crawl Stone Soup version 0.21.0-3-g78d12a8 (webtiles) character file.

12 letownia2 the Magician (level 2, -2/13 HPs)
             Began as a Vine Stalker Wizard on Jan 12, 2018.
             Slain by a worker ant (3 damage)
             ... on level 4 of the Dungeon.
             The game lasted 00:01:17 (540 turns).

letownia2 the Magician (Vine Stalker Wizard)         Turns: 540, Time: 00:01:18

Health: -2/13      AC:  3    Str:  9    XL:     2   Next: 33%
Magic:  0/7        EV: 12    Int: 18    God:
Gold:   34         SH:  0    Dex: 12    Spells: 6/7 levels left

rFire    . . .     SeeInvis .   (no weapon)
rCold    . . .     Gourm    .   (no shield)
rNeg     . . .     Faith    .   a - +0 robe
rPois    .         Spirit   +   b - +0 hat
rElec    .         Reflect  .   k - +0 cloak
rCorr    .         Harm     .   (no gloves)
MR       .....                  (no boots)
Stlth    ++........             (no amulet)
HPRegen  0.04/turn              j - ring of wizardry
MPRegen  0.10/turn              (no ring)

@: lethally poisoned (-2 -> -10), very slightly contaminated
A: fangs 2, magic shield, antimagic bite, no potion heal 3, rot immunity
a: no special abilities


You were on level 4 of the Dungeon.
You were not hungry.

You visited 1 branch of the dungeon, and saw 4 of its levels.

You collected 34 gold pieces.

Inventory:

Armour
 a - a +0 robe (worn)
 b - a +0 hat (worn)
 k - a +0 cloak (worn)
Jewellery
 j - a ring of wizardry (left hand)
Scrolls
 e - a scroll of remove curse {unknown}
 f - a scroll of fear {unknown}
 g - a scroll of immolation {unknown}
 h - a scroll of magic mapping {unknown}
 i - a scroll of teleportation {unknown}
Potions
 m - a potion of curing {unknown}
 n - a potion of agility {unknown}
Books
 c - a book of Minor Magic

   Spells                             Type                      Level
   a - Magic Dart                     Conjuration                  1
   b - Blink                          Translocation                2
   c - Call Imp                       Summoning                    2
   d - Slow                           Hexes                        2
   e - Conjure Flame                  Conjuration/Fire             3
   f - Mephitic Cloud                 Conjuration/Poison/Air       3
Comestibles
 d - 2 rations
 l - 2 chunks of flesh


   Skills:
 - Level 1.5 Dodging
 - Level 2.4 Stealth
 - Level 3.2 Spellcasting
 + Level 2.3 Conjurations
   Level 1.0 Summonings
   Level 1.0 Translocations


You had 6 spell levels left.
You knew the following spells:

 Your Spells              Type           Power        Failure   Level  Hunger
a - Magic Dart            Conj           ##..         2%          1    None


Dungeon Overview and Level Annotations

Branches:
Dungeon (4/15)             Temple (0/1) D:4

Altars:


Innate Abilities, Weirdness & Mutations

You have extremely sharp teeth.
When hurt, damage is shared between your health and your magic reserves.
Your bite disrupts and absorbs the magic of your enemies.
Potions cannot restore your health.
You are immune to rotting.


Message History

The worker ant poisons you!
Casting: Magic Dart
Confirm with . or Enter, or press ? or * to list all spells.
Aiming: Magic Dart
Press: ? - help, Shift-Dir - straight line, f/p - worker ant
Aim: a worker ant The magic dart hits the worker ant.
The worker ant is moderately wounded.
You feel sick. The worker ant bites you!
Casting: Magic Dart
Confirm with . or Enter, or press ? or * to list all spells.
Aiming: Magic Dart
Press: ? - help, Shift-Dir - straight line, f/p - worker ant
Aim: a worker ant (moderately wounded)
The magic dart hits the worker ant.
The worker ant is heavily wounded.
You feel sick. The worker ant bites you.
* * * LOW HITPOINT WARNING * * *
The worker ant bites you.
You die...

# #. #.# ...
###+###
###.###.....#
#.....#.⌠.⌠.#
#.'@.>..+
#.#a⌠.⌠.#
#.#.....# #.#
#.###+###
.....###.#
.......<.#
....###### .


You could see a worker ant.

Vanquished Creatures
  2 bats (D:2)
  2 hobgoblins (D:2)
  3 jackals (D:3)
  A quokka (D:3)
  2 goblins
10 creatures vanquished.

Notes
Turn   | Place    | Note
-------+----------+-------------------------------------------
     0 | D:1      | letownia2 the Vine Stalker Wizard began the quest for the Orb.
     0 | D:1      | Reached XP level 1. HP: 9/9 MP: 5/5
   303 | D:3      | Reached XP level 2. HP: 13/13 MP: 4/7
   462 | D:3      | Noticed a bullfrog
   535 | D:4      | Found a staircase to the Ecumenical Temple.
   540 | D:4      | Slain by a worker ant

Skill      XL: |  1 |
---------------+----+-----
Conjurations   | 2 |  2.3
Dodging        | |  1.5
Stealth        | |  2.4
Spellcasting   | |  3.2
Summonings     | |  1.0
Translocations | |  1.0

Action                   || total
-------------------------++-------
Melee: Unarmed           ||    10
       Bite              ||     1
 Cast: Magic Dart        ||    29
Armor: Robe              ||    10
Dodge: Dodged            ||    18
